 Dungeon Crawl Stone Soup version 0.29-a0-393-g47a863cc1b (webtiles) character file.

Game seed: 935889951818659667

1325 Sabo the Chopper (level 8, -4/60 HPs)
             Began as a Demonspawn Gladiator on May 10, 2022.
             Was an Elder of Lugonu.
             Slain by an orc warrior
             ... wielding a +0 long sword
              (12 damage)
             ... on level 6 of the Dungeon on May 11, 2022.
             The game lasted 00:31:47 (6223 turns).

Sabo the Chopper (Demonspawn Gladiator)             Turns: 6223, Time: 00:31:49

Health: -4/60      AC: 20    Str: 17    XL:     8   Next: 34%
Magic:  8/8        EV: 12    Int: 10    God:    Lugonu [****..]
Gold:   293        SH:  9    Dex: 14    Spells: 7/7 levels left

rFire   . . .      SeeInvis .   a - +0 war axe
rCold   . . .      Faith    .   u - +0 buckler
rNeg    . . .      Spirit   .   j - +0 ring mail
rPois   .          Reflect  +   g - +2 helmet
rElec   .          Harm     .   h - +0 cloak
rCorr   .          Rampage  .   (no gloves)
Will    .....                   (no boots)
Stlth   +.........              w - amulet of reflection
HPRegen 0.20/turn               o - +4 ring of protection
MPRegen 0.22/turn               C - +4 ring of slaying

@: sanguine armoured
A: claws 1, magic regeneration, sanguine armour 1, demonic magic 2
a: Renounce Religion, Depart the Abyss, Bend Space, Banish, Corrupt


You were on level 6 of the Dungeon.
You worshipped Lugonu.
Lugonu was greatly pleased with you.
You visited 1 branch of the dungeon, and saw 6 of its levels.

You collected 293 gold pieces.

Inventory:

Hand Weapons
 a - a +0 war axe (weapon)
 z - a +0 morningstar
 D - a +0 hand crossbow
 F - a +1 short sword of freezing
Missiles
 d - 3 throwing nets
 e - 6 javelins
 r - 10 poisoned darts
 A - 5 boomerangs
Armour
 g - a +2 helmet (worn)
 h - a +0 cloak (worn)
 j - a +0 ring mail (worn)
 u - a +0 buckler (worn)
Jewellery
 o - a +4 ring of protection (left claw)
 w - an amulet of reflection (around neck)
 C - a +4 ring of slaying (right claw)
Wands
 p - a wand of polymorph (4)
Scrolls
 f - 3 scrolls of fear
 k - 3 scrolls of enchant weapon
 m - 3 scrolls of teleportation
 y - a scroll of fog
Potions
 b - 3 potions of curing {unknown}
 c - a potion of attraction {unknown}
 i - 3 potions of flight {unknown}
 l - a potion of degeneration {unknown}
 n - 2 potions of mutation
 q - 3 potions of resistance {unknown}
 t - 2 potions of haste {unknown}
 x - 2 potions of cancellation {unknown}
 B - a potion of heal wounds {unknown}
 E - a potion of invisibility {unknown}


   Skills:
 + Level 4.1 Fighting
 + Level 6.9 Axes
 + Level 1.9 Throwing
 + Level 3.2 Armour
 + Level 4.2 Dodging
 + Level 1.4 Stealth
 + Level 2.4 Shields


You had 7 spell levels left.
You didn't know any spells.
Your spell library was empty.

Dungeon Overview and Level Annotations

Branches:
Dungeon (6/15)
 Temple: D:4-7

Altars:
Yredelemnul
Lugonu

Shops:
D:3 *

Annotations:
D:6 Pikel


Innate Abilities, Weirdness & Mutations

You have sharp fingernails.
You regenerate magic rapidly.
When seriously injured, your blood forms armour. (AC +6)
Spells you cast may paralyse nearby enemies.


Message History

You closely miss the lemure. x2; You closely miss the orc warrior.
You block the orc wizard's attack. The lemure closely misses you.
Pikel barely misses you. The orc priest closely misses you.
The lemure completely misses you.
The orc warrior hits you with a +0 long sword!
* * * LOW HITPOINT WARNING * * *
The orc wizard gestures at you while chanting.
The magic dart hits you but does no damage.
You barely miss Pikel.
Pikel is heavily wounded.
You hit the orc warrior but do no damage.
You slash the lemure! You hit the lemure. You closely miss the orc wizard.
You barely miss the orc priest.
You feel your willpower return. The lemure closely misses you.
Pikel hits you but does no damage. You block the orc priest's attack.
The lemure hits you but does no damage. The orc warrior misses you.
The orc wizard barely misses you. The lemure hits you but does no damage.
Pikel barely misses you. The lemure hits you but does no damage.
You block the orc priest's attack.
You closely miss Pikel.
Pikel is heavily wounded.
You closely miss the orc warrior. You closely miss the lemure.
You hit the lemure. You completely miss the orc wizard.
You slash the orc priest! The orc warrior barely misses you.
The orc wizard hits you but does no damage.
The lemure barely misses you. Pikel hits you but does no damage.
The lemure barely misses you. You block the orc priest's attack.
You slash Pikel!
Pikel is severely wounded.
You closely miss the orc warrior. You closely miss the lemure.
You hit the lemure but do no damage.
You hit the orc wizard but do no damage.
You slash the orc priest!
You kill the orc priest!
Lugonu accepts your kill. You block the orc warrior's attack.
You block the orc wizard's attack. The lemure hits you but does no damage.
Pikel hits you but does no damage. The lemure hits you but does no damage.
The orc warrior hits you with a +0 long sword!
You die...

≈≈≈ .. ≈≈≈≈
#... ≈≈≈≈ .#..#
.≈≈. ####....
♣..####.....# .
.......o....#
... #..55o...#
#...##..)@)...#
#.....o†K...#
##.#.<......# #
#........#
#........#
#........#
###..###.# ##..
.. .# ##.


You could see Pikel, an orc warrior, 2 lemures, an orc wizard and an orc.

Vanquished Creatures
  Prince Ribbit (D:6)
  Grinder (D:4)
  An ogre (D:6)
  2 lemures (D:6)
  The ghost of tasumai the Cudgeller, an amateur GrBe of Trog (D:3)
  Blork the orc (D:5)
  A bullfrog (D:6)
  A necrophage (D:4)
  A scorpion (D:6)
  A bullfrog zombie (D:5)
  5 hounds
  3 orc priests
  An iguana (D:5)
  3 orc wizards
  A hound zombie (D:5)
  6 adders
  A shadow imp (D:5)
  A worm (D:5)
  7 dart slugs
  11 orcs
  8 ball pythons
  7 bats
  7 endoplasms
  5 giant cockroaches
  4 goblins
  5 hobgoblins
  6 jackals
  4 quokkas
  3 frilled lizards
  9 kobolds
  7 rats
115 creatures vanquished.

Vanquished Creatures (others)
  8 plants
8 creatures vanquished.

Grand Total: 123 creatures vanquished

Notes
Turn   | Place    | Note
-------+----------+-------------------------------------------
     0 | D:1      | Sabo the Demonspawn Gladiator began the quest for the Orb.
     0 | D:1      | Reached XP level 1. HP: 16/16 MP: 1/1
   461 | D:1      | Reached skill level 3 in Axes
   461 | D:1      | Gained mutation: You regenerate magic rapidly. [demonic
                  | ancestry]
   461 | D:1      | Reached XP level 2. HP: 22/22 MP: 2/2
   637 | D:1      | Found a faded altar of an unknown god.
   779 | D:1      | Prayed at the altar of an unknown god.
   779 | D:1      | Became a worshipper of Lugonu the Unformed
   779 | D:1      | Reached * piety under Lugonu
   779 | D:1      | Reached ** piety under Lugonu
   984 | D:1      | Gained mutation: You have sharp fingernails. [demonic
                  | ancestry]
   984 | D:1      | Reached XP level 3. HP: 24/27 MP: 3/3
  1748 | D:2      | Reached XP level 4. HP: 19/34 MP: 4/4
  2314 | D:3      | Reached *** piety under Lugonu
  2348 | D:3      | Found Juykaeti's Assorted Antiques.
  2436 | D:3      | Found a runed translucent door.
  2438 | D:3      | Noticed tasumai's ghost (amateur GrBe)
  2556 | D:3      | Reached skill level 1 in Armour
  2556 | D:3      | Gained mutation: Spells you cast may paralyse adjacent
                  | enemies. [demonic ancestry]
  2556 | D:3      | Reached XP level 5. HP: 41/41 MP: 5/5
  2563 | D:3      | Reached skill level 4 in Axes
  3389 | D:3      | Killed tasumai's ghost
  3390 | D:3      | Gained mutation: Spells you cast may paralyse nearby
                  | enemies. [demonic ancestry]
  3390 | D:3      | Reached XP level 6. HP: 37/47 MP: 6/6
  3530 | D:4      | Reached skill level 1 in Shields
  3677 | D:4      | Noticed Grinder
  3702 | D:4      | Paralysed by Grinder for 3 turns
  3706 | D:4      | Killed Grinder
  3707 | D:4      | Reached skill level 5 in Axes
  3707 | D:4      | Gained mutation: When seriously injured, your blood forms
                  | armour. (AC +6) [demonic ancestry]
  3707 | D:4      | Reached XP level 7. HP: 18/52 MP: 7/7
  4166 | D:4      | You fall into a shaft and drop 2 floors!
  4180 | D:6      | Noticed Prince Ribbit
  4205 | D:6      | Killed Prince Ribbit
  4370 | D:5      | Entered Level 5 of the Dungeon
  4442 | D:5      | Noticed Blork the orc
  4454 | D:5      | Killed Blork the orc
  4455 | D:5      | Reached skill level 1 in Stealth
  4584 | D:4      | Reached skill level 6 in Axes
  4838 | D:4      | Reached **** piety under Lugonu
  5762 | D:5      | Reached XP level 8. HP: 59/60 MP: 8/8
  5773 | D:5      | Found a basalt altar of Yredelemnul.
  6209 | D:6      | Noticed Pikel
  6223 | D:6      | Slain by an orc warrior

Illustrated notes

Levels and vault maps discovered:
D:1:      erik_arrival_cave_to_civilisation [erik_arrival_cave_to_hall],
          layout_basic, basic_ecumenical_altar, minmay_ruptured
D:2:      layout_rooms, guppyfry_early_lair_pool
D:3:      cheibrodos_pilgrimage, layout_basic, serial_shops,
          nicolae_shop_advertising_works [nicolae_subvault_shop_adworks],
          ebering_ghost_sewer_d
D:4:      minmay_angry_zag, layout_loops_cross,
          hangedman_abyss_or_decor_stagger, minmay_misc_feat_secret_circle,
          uniq_grinder
D:5:      layout_basic, lemuel_zombie_altar_yredelemnul, uniq_blork_the_orc
D:6:      layout_rooms, serial_bayou, serial_bayou_pond_b,
          serial_bayou_lagoon_a, serial_bayou_lagoon_b, serial_bayou_pond_a,
          minmay_ogre_servants, uniq_prince_ribbit1, uniq_crazy_yiuf_cottage,
          uniq_pikel

Skill      XL: |  1  2  3  4  5  6  7  8 |
---------------+-------------------------+-----
Axes           | 3 4 5 6 |  6.9
Dodging        | 3 4 |  4.2
Fighting       | 3 4 |  4.1
Armour         | 1 2 3 |  3.2
Shields        | 1 2 |  2.4
Stealth        | 1 |  1.4
Throwing       | |  1.9

Action                   |  1- 3 |  4- 6 |  7- 9 || total
-------------------------+-------+-------+-------++-------
Melee: War axe           |   102 |   137 |   147 ||   386
       Punch             |     1 |     1 |       ||     2
  Use: Scroll            |     3 |     4 |     4 ||    11
 Stab: Sleeping          |       |       |     1 ||     1
Armor: Leather armour    |    14 |       |       ||    14
       Ring mail         |    40 |    57 |    76 ||   173
Dodge: Dodged            |    77 |    71 |    86 ||   234
Block: Buckler           |       |    44 |    77 ||   121
       Reflection        |       |       |     2 ||     2

Table legend: (Time is in decaauts)
 A = Elapsed time spent in this place.
 B = Non-inter-level travel time spent in this place.
 C = Inter-level travel time spent in this place.
 D = Time resting spent in this place.
 E = Time spent auto-exploring this place.
 F = Levels seen in this place.
 G = Mean time per level.
                   A        B        C        D        E       F      G
               +--------+--------+--------+--------+--------+-----+--------+
         Total |   6342 |   6342 |      0 |   1213 |      0 |   6 | 1057.0 |
       Dungeon |   6342 |   6342 |      0 |   1213 |      0 |   6 | 1057.0 |
               +--------+--------+--------+--------+--------+-----+--------+

Top non-repeatable levels by time:
     D:1: 1409 daAuts
     D:4: 1397 daAuts
     D:3: 1394 daAuts
     D:5: 1108 daAuts
     D:2: 786 daAuts
     D:6: 246 daAuts
